 Dungeon Crawl Stone Soup version 0.31-a0-702-gf82c85558f (webtiles) character file.

Game seed: 10838448715576868201

416 qw the Shooter (level 6, -1/40 HPs)
             Began as a Gargoyle Hunter on Sept 8, 2023.
             Slain by a gnoll
             ... wielding a +0 whip
              (7 damage)
             ... on level 5 of the Dungeon.
             The game lasted 00:01:17 (3505 turns).

qw the Shooter (Gargoyle Hunter)                    Turns: 3505, Time: 00:01:17

Health: -1/40      AC: 14    Str: 15    XL:     6   Next: 92%
Magic:  6/6        EV: 11    Int:  9    God:
Gold:   185        SH:  0    Dex: 15    Spells: 5/5 levels left

rFire   . . .        Y - +0 shortbow
rCold   . . .        (shield currently unavailable)
rNeg    + . .        j - +0 ring mail
rPois   inf          (no helmet)
rElec   +            b - +2 cloak
rCorr   .            c - +1 pair of gloves
SInv    .            (no boots)
Will    .....        (no amulet)
Stlth   +            (no ring)
HPRegen 0.26/turn    (no ring)
MPRegen 0.10/turn

%: no passive effects
@: about to teleport
A: sickness immunity, AC +4, negative energy resistance 1, electricity
resistance, torment resistance 1, petrification resistance
a: no special abilities


You were on level 5 of the Dungeon.
You visited 1 branch of the dungeon, and saw 5 of its levels.

You collected 185 gold pieces.


Innate Abilities, Weirdness & Mutations

You are immune to sickness and miasma.
Your stone body is resilient. (AC +4)
You are immune to poison.
You resist negative energy. (rN+)
You are resistant to electric shocks. (rElec)
You are resistant to unholy torment.
You are immune to petrification.


   Skills:
 - Level 4.9 Fighting
 + Level 6.7 Ranged Weapons
 - Level 1.0 Armour
 - Level 1.5 Dodging
 - Level 1.1 Stealth


You had 5 spell levels left.
You didn't know any spells.
Your spell library was empty.

Inventory:

Hand Weapons
 Y - a +0 shortbow (weapon)
Armour
 b - a +2 cloak (worn)
 c - a +1 pair of gloves (worn)
 j - a +0 ring mail (worn)
Scrolls
 f - a scroll of teleportation
Potions
 a - a potion of heal wounds {unknown}
 d - a potion of cancellation
 e - a potion of might {unknown}
 h - a potion of attraction {unknown}

Dungeon Overview and Level Annotations

Branches:
Dungeon (5/15)
 Temple: D:4-7

Altars:
Dithmenos
Fedhas
Gozag


Message History

The gnoll bouda is severely wounded.
The gnoll closely misses you. x2
The gnoll bouda barks out a call to the hunt!
The gnoll picks up the pace!
You shoot an arrow.
The arrow closely misses the gnoll bouda.
The gnoll hits you but does no damage.
The gnoll bouda hits you but does no damage.
The gnoll hits you with a +0 spear.
You shoot an arrow. The arrow hits the gnoll bouda.
You kill the gnoll bouda!
The gnoll barely misses you. The gnoll hits you but does no damage.
The gnoll closely misses you.
You shoot an arrow. The arrow barely misses the gnoll.
The gnoll hits you but does no damage. x2; The gnoll closely misses you.
The gnoll barely misses you.
You shoot an arrow. The arrow hits the gnoll.
The gnoll is heavily wounded.
Your attacks no longer feel as feeble.
The gnoll hits you but does no damage. The gnoll barely misses you. x2
You shoot an arrow.
The arrow hits the gnoll but does no damage.
The gnoll is heavily wounded.
The gnoll misses you. The gnoll hits you with a +0 spear. The gnoll misses you.
You shoot an arrow. The arrow closely misses the gnoll.
The gnoll closely misses you. The gnoll misses you.
The gnoll hits you but does no damage.
You shoot an arrow. The arrow hits the gnoll.
The gnoll is almost dead.
The gnoll closely misses you. The gnoll hits you with a +0 spear.
The gnoll misses you.
The gnoll hits you from afar with a +0 spear.
The gnoll hits you with a +0 whip. The gnoll hits you with a +0 spear.
3505 ||| READING 2 scrolls of teleportation.
As you read the scroll of teleportation, it crumbles to dust.
You feel strangely unstable.
The gnoll is no longer moving quickly.
The gnoll hits you but does no damage.
The iguana hisses menacingly.
The gnoll misses you. The gnoll hits you with a +0 whip!
You die...

#...
+#...#
##.....
)......
....8..
......g
#...lg###
#@g##
#g..#
##.<#
####


You could see an iguana and 4 gnolls.

Vanquished Creatures
  A water moccasin (D:4)
  A hound (D:4)
  A centaur skeleton (D:3)
  A gnoll bouda (D:5)
  An iguana (D:4)
  A sleepcap (D:3)
  2 hound zombies (D:3)
  3 gnolls (D:4)
  4 adders
  3 dart slugs
  2 worms (D:2)
  4 orcs
  7 endoplasms
  3 giant cockroaches
  9 goblins
  4 hobgoblins
  4 jackals (D:4)
  4 kobolds
  4 quokkas
  A ball python (D:3)
  2 ball python skeletons (D:3)
  7 bats
  A frilled lizard (D:1)
  A quokka zombie (D:3)
  4 rats (D:1)
75 creatures vanquished.

Notes
Turn   | Place    | Note
-------+----------+-------------------------------------------
     0 | D:1      | qw the Gargoyle Hunter began the quest for the Orb.
     0 | D:1      | Reached XP level 1. HP: 12/12 MP: 1/1
     0 | D:1      | 0 ||| qw: Version: 0.3-a-76-g4403597
     0 | D:1      | 0 ||| qw: Game counter: 1097
     0 | D:1      | 0 ||| qw: Melee chars always use a shield: true
     0 | D:1      | 0 ||| qw: God list: Okawaru
     0 | D:1      | 0 ||| qw: Allow faded altars: false
     0 | D:1      | 0 ||| qw: Do Orc after clearing Dungeon:15 true
     0 | D:1      | 0 ||| qw: Do second Lair branch before Depths: true
     0 | D:1      | 0 ||| qw: Lair rune preference: random
     0 | D:1      | 0 ||| qw: Goals: Normal
     0 | D:1      | 0 ||| PLANNING D:1-11
   122 | D:1      | Reached XP level 2. HP: 12/17 MP: 2/2
   477 | D:1      | Reached XP level 3. HP: 17/21 MP: 3/3
   704 | D:1      | Reached skill level 5 in Ranged Weapons
   858 | D:1      | 858 ||| UPGRADING to +0 ring mail.
   868 | D:1      | 868 ||| DROPPING +0 leather armour.
   869 | D:1      | 869 ||| DROPPING ring of wizardry.
   870 | D:1      | 870 ||| READING scroll labelled MIDGHY DECKESI.
   875 | D:1      | 875 ||| READING scroll labelled CAAMIEN OHITI.
   876 | D:1      | 876 ||| READING scroll labelled FIMOUBB DEUMU.
   877 | D:1      | 877 ||| READING scroll labelled QEIBBEPNAE.
   878 | D:1      | 878 ||| DROPPING scroll of butterflies.
  1122 | D:2      | 1122 ||| FLEEEEING.
  1123 | D:2      | 1123 ||| FLEEEEING.
  1124 | D:2      | 1124 ||| FLEEEEING.
  1146 | D:2      | Reached skill level 1 in Armour
  1151 | D:2      | Found an opulent altar of Gozag.
  1724 | D:2      | 1724 ||| UPGRADING to +0 cloak.
  1776 | D:3      | Reached skill level 3 in Fighting
  1776 | D:3      | Reached XP level 4. HP: 28/28 MP: 4/4
  1917 | D:3      | Reached XP level 5. HP: 28/32 MP: 5/5
  2198 | D:3      | Reached skill level 6 in Ranged Weapons
  2355 | D:3      | Found a shadowy altar of Dithmenos.
  2453 | D:3      | 2453 ||| READING scroll labelled ANOOPSISEO.
  2454 | D:3      | 2454 ||| READING scroll labelled WIFUOM YVOTIVE.
  2455 | D:3      | 2455 ||| DRINKING 2 brown potions.
  2520 | D:4      | Identified the +9 whip "Toasoese" {flame, rC+++}
  2546 | D:4      | Noticed a water moccasin
  2567 | D:4      | Killed a water moccasin
  2568 | D:4      | Reached XP level 6. HP: 15/40 MP: 6/6
  3015 | D:4      | Found a blossoming altar of Fedhas.
  3067 | D:4      | 3067 ||| READING 3 scrolls of enchant armour.
  3067 | D:4      | 3067 ||| ENCHANTING +0 cloak.
  3068 | D:4      | 3068 ||| READING 2 scrolls of enchant armour.
  3068 | D:4      | 3068 ||| ENCHANTING +1 cloak.
  3076 | D:4      | 3076 ||| UPGRADING to +0 pair of gloves.
  3081 | D:4      | 3081 ||| READING scroll of enchant armour.
  3081 | D:4      | 3081 ||| ENCHANTING +0 pair of gloves.
  3082 | D:4      | 3082 ||| READING scroll labelled KETOWE GINOIRO.
  3202 | D:5      | Entered Level 5 of the Dungeon
  3205 | D:5      | 3205 ||| STAIRDANCE
  3232 | D:5      | 3232 ||| STAIRDANCE
  3293 | D:5      | 3293 ||| STAIRDANCE
  3333 | D:5      | 3333 ||| STAIRDANCE
  3414 | D:5      | 3414 ||| STAIRDANCE
  3482 | D:5      | 3482 ||| Stepping ~*~*~tactically~*~*~ (retreating).
  3483 | D:5      | 3483 ||| Stepping ~*~*~tactically~*~*~ (retreating).
  3504 | D:5      | HP: 10/40 [gnoll/+0 whip (3)]
  3505 | D:5      | 3505 ||| READING 2 scrolls of teleportation.
  3505 | D:5      | Slain by a gnoll

Levels and vault maps discovered:
D:1:      dpeg_arrival_round_a, layout_basic
D:2:      layout_loops_corners, basic_altar, minmay_misc_feat_iff
D:3:      layout_basic, lemuel_crystal_altar, serial_undead, serial_undead_f,
          serial_undead_f, serial_undead_c, serial_undead_e, serial_undead_f,
          serial_undead_d, serial_undead_f, serial_undead_d, serial_undead_e,
          serial_undead_a
D:4:      layout_rooms, kennysheep_mini_moat, nicolae_letterblocks
          [nicolae_letter_subblock, nicolae_letter_subblock,
          nicolae_letter_subblock, nicolae_letter_subblock,
          nicolae_letter_subblock, nicolae_letter_subblock,
          nicolae_letter_subblock, nicolae_letter_subblock,
          nicolae_letter_subblock, nicolae_letter_subblock,
          nicolae_letter_subblock, nicolae_letter_subblock,
          nicolae_letter_subblock, nicolae_letter_subblock,
          nicolae_letter_subblock, nicolae_letter_subblock,
          nicolae_letter_subblock, nicolae_letter_subblock,
          nicolae_letter_subblock, nicolae_letter_subblock,
          nicolae_letter_subblock, nicolae_letter_subblock,
          nicolae_letter_subblock, nicolae_letter_subblock,
          nicolae_letter_subblock]
D:5:      layout_basic, mainiacjoe_overflow_cross_hatched, grunt_ministairs_6

Skill      XL: |  1  2  3  4  5 |
---------------+----------------+-----
Ranged Weapons | 5 6 |  6.7
Armour         | 1 |  1.0
Fighting       | 3 4 |  4.9
Dodging        | |  1.5
Stealth        | |  1.1

Action                     |  1- 3 |  4- 6 || total
---------------------------+-------+-------++-------
   Fire: Shortbow          |   112 |   181 ||   293
    Use: Scroll            |     4 |     7 ||    11
         Potion            |       |     1 ||     1
 Armour: Leather armour    |    19 |       ||    19
         Ring mail         |    14 |   121 ||   135
  Dodge: Dodged            |    25 |   106 ||   131

Table legend:
 A = Non-vault XP
 B = Vault XP
 C = Vault XP percentage of total XP
 D = Non-vault monster count
 E = Vault monster count
 F = Vault count percentage of total count
                 A         B        C        D         E       F
            +---------+---------+-------+---------+---------+-------
      Total |     478 |     117 |  19.7 |      67 |       8 |  10.7
            +---------+---------+-------+---------+---------+-------
        D:1 |      43 |       0 |   0.0 |      24 |       0 |   0.0
        D:2 |      28 |       0 |   0.0 |      13 |       0 |   0.0
        D:3 |      92 |      88 |  48.9 |      12 |       6 |  33.3
        D:4 |     278 |      29 |   9.4 |      17 |       2 |  10.5
        D:5 |      37 |       0 |   0.0 |       1 |       0 |   0.0
            +---------+---------+-------+---------+---------+-------
